 Dungeon Crawl Stone Soup version 0.16-a0-3997-g61da7c2 (webtiles) character file.

71 Gronka the Shield-Bearer (level 4, -6/35 HPs)
             Began as a Human Fighter on Feb 13, 2015.
             Killed by divine providence
             ... invoked by an orc priest
              (10 damage)
             ... on level 3 of the Dungeon.
             The game lasted 00:03:59 (1593 turns).

Gronka the Shield-Bearer (Human Fighter)            Turns: 1593, Time: 00:03:59

Health: -6/35      AC:  7    Str: 22    XL:     4   Next: 47%
Magic:  4/4        EV:  7    Int:  8    God:
Gold:   164        SH:  9    Dex: 13    Spells: 0 memorised, 3 levels left

rFire  . . .     SeeInvis .     a - +0 long sword
rCold  . . .     Clarity  .     b - +0 scale mail
rNeg   . . .     SustAb   .     c - +0 shield
rPois  .         Gourm    .     (no helmet)
rElec  .         Spirit   .     (no cloak)
rCorr  .         Warding  .     y - +0 pair of gloves
rMut   .         Stasis   .     (no boots)
MR     .....                    (no amulet)
Stlth  ..........               (no ring)
                                (no ring)

@: mighty, drained, not resistant to hostile enchantments, extremely unstealthy
A: no striking features
a: no special abilities


You were on level 3 of the Dungeon.
You were not hungry.

You visited 1 branch of the dungeon, and saw 3 of its levels.

You collected 164 gold pieces.

Inventory:

Hand weapons
 a - a +0 long sword (weapon)
Armour
 b - a +0 scale mail (worn)
 c - a +0 shield (worn)
 y - a +0 pair of gloves (worn)
Jewellery
 p - a cursed ring of loudness {unknown}
 x - a +3 ring of dexterity {unknown}
Magical devices
 r - a wand of flame (21)
 t - a wand of cold (12)
 w - a wand of confusion (17)
 z - a wand of frost (16)
Scrolls
 f - 4 scrolls of remove curse {unknown}
 h - 2 scrolls of fear {unknown}
 i - 2 scrolls of magic mapping {unknown}
 j - 5 scrolls of identify {unknown}
 k - a scroll of random uselessness {unknown}
 l - 3 scrolls of blinking {unknown}
 q - a scroll of teleportation {unknown}
 v - a scroll of amnesia {unknown}
 A - a scroll of enchant weapon {unknown}
Potions
 e - 2 potions of might
 m - a potion of magic
 n - a potion of invisibility {unknown}
 s - a potion of heal wounds {unknown}
 u - a potion of haste {unknown}
Comestibles
 d - 3 bread rations
 g - 2 slices of pizza
 o - 2 meat rations


   Skills:
 + Level 3.2(2.6) Fighting
 + Level 2.5(1.9) Long Blades
 + Level 3.6(2.9) Armour
 + Level 0.6(0.0) Dodging
 + Level 3.8(3.1) Shields


You had 3 spell levels left.
You didn't know any spells.

Dungeon Overview and Level Annotations

Branches:
Dungeon (3/15)

Altars:
The Shining One


Message History

You closely miss the orc.
The orc is almost dead.
The orc hits you but does no damage.
You barely miss the orc.
The orc is almost dead.
The orc hits you with a war axe.
You hit the orc.
You kill the orc!
The orc priest invokes the aid of Beogh against you.
Pain shoots through your body!
* * * LOW HITPOINT WARNING * * *
You are too injured to fight recklessly!
You are too injured to fight recklessly!
Drink which item? (? for menu, Esc to quit)
It was a potion of magic.
Magic courses through your body.
Drink which item? (? for menu, Esc to quit)
You feel very mighty all of a sudden.
The orc priest calls down the wrath of Beogh upon you.
Something smites you!
You die...

#.#########
#.# #.#
#.########
#...)(...#
########.#
#.# #.# #@#
#o# #.. #o#
#.# #o# #.#
# ..# #.#.#
.## #.#.# .
#.#.## #.
#.... .
##..# #


You could see an orc priest and 2 orcs.

Vanquished Creatures
  2 adders
  A giant gecko (D:3)
  3 oozes (D:1)
  4 orcs (D:3)
  A ball python (D:2)
  3 giant cockroaches (D:1)
  2 hobgoblins
  6 kobolds
  4 bats
  4 giant newts
  10 goblins
  4 rats
44 creatures vanquished.

Notes
Turn   | Place    | Note
--------------------------------------------------------------
     0 | D:1      | Gronka, the Human Fighter, began the quest for the Orb.
     0 | D:1      | Reached XP level 1. HP: 18/18 MP: 1/1
    75 | D:1      | Reached XP level 2. HP: 10/24 MP: 2/2
   304 | D:1      | Found a glowing golden altar of the Shining One.
   577 | D:2      | Reached XP level 3. HP: 26/29 MP: 3/3
  1253 | D:3      | Reached XP level 4. HP: 28/35 MP: 4/4
  1593 | D:3      | Killed from afar by an orc priest

Action                   |  1- 3 |  4- 6 || total
-------------------------+-------+-------++-------
Melee: Long sword        |   114 |    25 ||   139
  Use: Potion            |       |     2 ||     2
  Eat: Bread ration      |     1 |       ||     1
